Map: Templo Congelado

Players

Motte

  • Race: Protoss Protoss
  • League: Master

TheZergLord - Winner!

  • Race: Zerg Zerg
  • League: Master

VOD

Have the link to the VOD?

Description

Time

  • Played on: May 23, 2016, 8:23 a.m.
  • Length: 9:17
Show
View Real Time Build Order
Export as new Build Order

Motte Protoss 

Build Orders: 1 Gate Expand, Dark Templar Rush 

Get SALT Encoding   

  12  0:01  Probe (Chrono Boost)  
  13  0:11  Probe (Chrono Boost)  
  14  0:18  Pylon  
  14  0:22  Probe (Chrono Boost)  
  15  0:37  Probe (Chrono Boost)  
  15  0:38  Gateway  
  16  0:47  Probe (Chrono Boost)  
  16  0:48  Assimilator  
  17  0:58  Probe (Chrono Boost)  
  18  1:08  Probe (Chrono Boost)  
  19  1:19  Probe (Chrono Boost)  
  20  1:26  Nexus  
  20  1:36  Cybernetics Core  
  20  1:42  Probe (Chrono Boost)  
  20  1:45  Assimilator  
  21  1:52  Probe (Chrono Boost)  
  22  1:57  Pylon  
  22  2:03  Probe (Chrono Boost)  
  23  2:10  Pylon  
  24  2:15  Probe (Chrono Boost)  
  24  2:16  Adept (Chrono Boost)  
  24  2:21  Warp Gate  
  28  2:30  Mothership Core (Chrono Boost)  
  27  2:38  Probe (Chrono Boost)  
  28  2:48  Gateway  
  28  2:50  Probe (Chrono Boost)  
  29  2:52  Gateway  
  29  2:58  Probe (Chrono Boost)  
  30  3:02  Probe (Chrono Boost)  
  31  3:08  Probe (Chrono Boost)  
  33  3:14  Probe (Chrono Boost)  
  33  3:15  Stalker  
  33  3:18  Twilight Council  
  35  3:22  Probe (Chrono Boost)  
  36  3:33  Probe x2 (Chrono Boost)  
  38  3:44  Probe x2 (Chrono Boost)  
  40  3:54  Probe (Chrono Boost)  
  40  3:55  Probe (Chrono Boost)  
  42  3:56  Dark Shrine  
  42  3:59  Resonating Glaives (Chrono Boost)  
  42  4:03  Probe  
  42  4:06  Probe  
  42  4:09  Assimilator  
  44  4:11  Pylon  
  44  4:12  Pylon  
  44  4:14  Probe  
  45  4:18  Probe  
  46  4:26  Adept x3  
  46  4:29  Probe  
  46  4:31  Probe  
  54  4:38  Pylon x2  
  54  4:47  Stargate, Probe  
  54  4:48  Probe  
  54  4:50  Assimilator  
  54  4:51  Adept x3  
  62  4:57  Probe  
  62  4:58  Stargate  
  62  4:59  Pylon  
  63  5:04  Pylon  
  63  5:12  Adept x2  
  63  5:13  Adept  
  69  5:16  Probe  
  70  5:28  Nexus  
  70  5:33  Pylon  
  68  5:48  Void Ray x2 (Chrono Boost)  
  74  5:58  Sentry  
  76  6:04  Sentry  
  76  6:05  Adept  
  76  6:20  Robotics Facility  
  75  6:30  Adept x3  
  73  6:35  Probe  
  73  6:36  Probe  
  69  6:48  Void Ray x2 (Chrono Boost), Probe  
  69  6:49  Probe  
  69  6:50  Probe  
  80  6:54  Pylon  
  80  6:56  Blink (Chrono Boost)  
  80  6:57  Pylon  
  80  7:01  Forge, Pylon  
  80  7:02  Probe  
  80  7:03  Probe  
  80  7:04  Probe  
  83  7:12  Observer  
  83  7:14  Probe  
  84  7:16  Probe x2  
  84  7:22  Gateway, Pylon  
  87  7:25  Sentry x2  
  87  7:29  Gateway  
  91  7:31  Immortal (Chrono Boost)  
  91  7:32  Probe x2  
  91  7:33  Probe  
  91  7:35  Assimilator  
  98  7:37  Assimilator  
  98  7:46  Probe x3  
  101  7:52  Pylon  
  101  7:54  Pylon  
  101  8:02  Pylon x2  
  101  8:05  Immortal, Sentry x2  
  109  8:19  Mothership Core  
  109  8:25  Robotics Facility  
  109  8:34  Zealot x2  
  109  8:40  Robotics Bay  
  109  8:41  Gateway  
  109  8:46  Stalker x3  
  93  8:57  Adept x2  
  73  9:12  Adept x3  
Show
View Real Time Build Order
Export as new Build Order

TheZergLord Zerg - Winner!

Build Orders: Hatch First 

Get SALT Encoding   

  12  0:01  Drone  
  13  0:13  Overlord  
  13  0:17  Drone  
  14  0:33  Drone x2  
  16  0:36  Drone  
  17  0:59  Hatchery  
  17  1:01  Drone  
  17  1:02  Drone  
  18  1:13  Extractor  
  18  1:14  Spawning Pool  
  18  1:17  Drone  
  17  1:20  Drone  
  18  1:30  Drone  
  19  1:42  Overlord  
  19  2:01  Queen  
  19  2:02  Zergling x2  
  19  2:03  Zergling x2  
  23  2:11  Queen, Zergling x2  
  26  2:19  Metabolic Boost  
  26  2:24  Drone  
  26  2:25  Drone x2  
  29  2:33  Drone x2  
  31  2:47  Hatchery  
  29  2:59  Drone  
  29  3:00  Overlord  
  29  3:02  Drone x2  
  32  3:06  Drone x2  
  34  3:13  Drone  
  35  3:20  Overlord  
  35  3:22  Drone x4  
  35  3:23  Drone  
  40  3:42  Drone x2  
  40  3:46  Roach Warren  
  41  3:49  Overlord  
  41  3:51  Drone x4  
  45  3:57  Drone, Extractor  
  45  3:59  Drone x3  
  45  4:01  Queen  
  50  4:06  Queen  
  50  4:09  Overlord  
  52  4:16  Overlord  
  52  4:20  Zergling x4  
  52  4:21  Zergling x4  
  56  4:31  Roach x5  
  64  4:36  Drone x2  
  68  4:50  Overlord  
  68  4:51  Overlord  
  68  4:53  Roach x3  
  73  5:10  Lair  
  73  5:13  Roach x6  
  73  5:14  Roach x2  
  89  5:18  Spore Crawler  
  89  5:19  Spore Crawler  
  89  5:20  Spore Crawler  
  89  5:21  Drone  
  87  5:22  Drone x2  
  87  5:28  Overlord  
  87  5:49  Drone x6  
  90  5:50  Drone x5  
  90  5:54  Evolution Chamber  
  90  5:56  Drone x4  
  98  5:58  Overlord  
  98  6:14  Drone x3  
  98  6:15  Drone  
  94  6:22  Drone x4  
  94  6:23  Drone x2  
  98  6:26  Drone x5  
  98  6:30  Zerg Missile Weapons Level 1, Glial Reconstitution  
  99  6:33  Extractor x3  
  99  6:36  Extractor  
  99  6:37  Hydralisk Den  
  99  6:38  Drone x4  
  94  6:42  Queen x3  
  92  7:09  Muscular Augments  
  92  7:14  Hydralisk x7  
  106  7:17  Overlord x3  
  106  7:23  Overlord x4  
  106  7:25  Hatchery  
  105  7:36  Hydralisk x6  
  113  7:37  Hydralisk  
  113  7:38  Zergling x4  
  113  7:39  Zergling x2  
  122  7:45  Hydralisk x2  
  126  7:52  Overlord  
  126  7:53  Hydralisk x2  
  126  7:57  Hydralisk x2  
  134  7:58  Hydralisk  
  134  8:00  Zergling x6  
  134  8:05  Hydralisk x2  
  139  8:06  Zergling x2  
  139  8:07  Zergling x4  
  146  8:29  Roach x4  
  146  8:32  Zergling x4, Roach  
  146  8:33  Zergling x4  
  151  8:47  Roach  
  151  8:48  Roach x8  
  151  8:56  Roach x4  
Tags
 
Add a new tag
Caveats
  • Supply blocks, unpowered buildings, or Contaminate may cause inaccurate times.
  • Supply counts are checked every 10 seconds.